 Dungeon Crawl Stone Soup version 0.19.1-1-g22dce08 (webtiles) character file.

66 HessuHobo the Conjurer (level 3, -3/19 HPs)
             Began as a Deep Elf Conjurer on Dec 28, 2016.
             Slain by a goblin (6 damage)
             ... led by Robin
             ... on level 3 of the Dungeon.
             The game lasted 00:07:07 (2627 turns).

HessuHobo the Conjurer (Deep Elf Conjurer)          Turns: 2627, Time: 00:07:08

Health: -3/19      AC:  2    Str:  3 (6)  XL:     3   Next: 96%
Magic:  3/9        EV: 13    Int: 18 (19) God:
Gold:   77         SH:  0    Dex: 13 (15) Spells: 2 memorised, 5 levels left

rFire  . . .     SeeInvis .     h - +0 short sword
rCold  . . .     Gourm    .     a - +0 robe
rNeg   . . .     Faith    .     (no shield)
rPois  .         Spirit   .     (no helmet)
rElec  .         Reflect  .     (no cloak)
rCorr  .         Harm     .     (no gloves)
MR     .....                    (no boots)
Stlth  ++........               (no amulet)
                                (no ring)
                                (no ring)

@: no status effects
A: no striking features
a: no special abilities


You were on level 3 of the Dungeon.
You were not hungry.

You visited 1 branch of the dungeon, and saw 3 of its levels.

You collected 77 gold pieces.

Inventory:

Hand Weapons
 h - a +0 short sword (weapon)
 m - a +3 hand axe
Armour
 a - a +0 robe (worn)
Scrolls
 e - 3 scrolls of remove curse
 f - a scroll of fog
 g - 2 scrolls of teleportation
Potions
 k - a potion of curing
 l - 2 potions of degeneration
Books
 b - a book of Conjurations

   Spells                             Type                      Level
   a - Magic Dart                     Conjuration                  1
   b - Searing Ray                    Conjuration                  2
   c - Dazzling Spray                 Conjuration/Hexes            3
   d - Fulminant Prism                Conjuration/Hexes            4
   e - Iskenderun's Mystic Blast      Conjuration                  4
   f - Iskenderun's Battlesphere      Conjuration/Charms           5
Comestibles
 c - 2 meat rations


   Skills:
 - Level 2.4 Dodging
 - Level 2.4 Stealth
 - Level 3.0 Spellcasting
 + Level 6.1 Conjurations


You had 5 spell levels left.
You knew the following spells:

 Your Spells              Type           Power        Failure   Level  Hunger
a - Magic Dart            Conj           ###.         1%          1    None
b - Searing Ray           Conj           ###...       1%          2    ##.....


Dungeon Overview and Level Annotations

Branches:
Dungeon (3/15)

Altars:
Dithmenos

Annotations:
D:2 exclusions: plant and 2 more exclusions, Sigmund
D:3 Robin


Message History

A kobold comes into view. It is wielding a dagger of freezing.
The kobold shouts!
Casting: Magic Dart
Confirm with . or Enter, or press ? or * to list all spells.
Aiming: Magic Dart
Press: ? - help, Shift-Dir - straight line, f - Robin
Aim: Robin, wielding a dagger, wearing an animal skin, wearing a helmet and carrying a wand of hasting {empty} (fast)
The magic dart hits Robin.
Robin is lightly wounded.
Robin throws the goblin at you! The goblin misses you.
Robin hits you but does no damage.
Casting: Magic Dart
Confirm with . or Enter, or press ? or * to list all spells.
Aiming: Magic Dart
Press: ? - help, Shift-Dir - straight line, f/p - Robin
Aim: Robin, wielding a dagger, wearing an animal skin, wearing a helmet and carrying a wand of hasting {empty} (lightly wounded, fast)
The magic dart hits Robin.
Robin is moderately wounded.
The goblin hits you.
You die...

#########
#.......#
#.......#
#.......###
#.........
##....g..#
...K...@.#
##.....g.#
#########


You could see Robin, a goblin and a kobold.

Vanquished Creatures
  An adder (D:2)
  A worm (D:2)
  A dart slug (D:1)
  4 leopard geckos
  4 bats
  A giant cockroach (D:2)
  11 goblins
  6 hobgoblins
  2 quokkas (D:2)
  2 frilled lizards
  9 kobolds
  5 rats
47 creatures vanquished.

Vanquished Creatures (others)
  A plant (D:2)
1 creature vanquished.

Grand Total: 48 creatures vanquished

Notes
Turn   | Place    | Note
-------+----------+-------------------------------------------
     0 | D:1      | HessuHobo the Deep Elf Conjurer began the quest for the Orb.
     0 | D:1      | Reached XP level 1. HP: 10/10 MP: 6/6
   433 | D:1      | Reached XP level 2. HP: 13/15 MP: 0/8
   642 | D:1      | Reached skill level 5 in Conjurations
  1245 | D:1      | Reached XP level 3. HP: 5/19 MP: 2/9
  1843 | D:2      | Learned a level 2 spell: Searing Ray
  2068 | D:2      | Found a shadowy altar of Dithmenos.
  2085 | D:2      | Noticed Robin
  2341 | D:2      | Reached skill level 6 in Conjurations
  2371 | D:2      | Noticed Sigmund
  2627 | D:3      | Slain by a goblin

Skill      XL: |  1  2  3 |
---------------+----------+-----
Conjurations   | 5 6 |  6.1
Dodging        | |  2.4
Stealth        | |  2.4
Spellcasting   | |  3.0

Action                   || total
-------------------------++-------
Melee: Short sword       ||     9
 Cast: Magic Dart        ||    96
       Searing Ray       ||     2
  Use: Scroll            ||     6
       Potion            ||     2
  Eat: Chunk             ||     1
       Bread ration      ||     1
Armor: Robe              ||    10
Dodge: Dodged            ||    27
